 Dungeon Crawl Stone Soup version 0.17-a0-1738-g82cdc46 (webtiles) character file.

7 kae the Caller (level 2, -1/15 HPs)
             Began as a Tengu Summoner on Aug 30, 2015.
             Slain by an adder (3 damage)
             ... on level 2 of the Dungeon.
             The game lasted 00:00:36 (661 turns).

kae the Caller (Tengu Summoner)                      Turns: 661, Time: 00:00:37

Health: -1/15      AC:  2    Str:  8    XL:     2   Next: 0%
Magic:  4/6        EV: 12    Int: 15    God:
Gold:   71         SH:  0    Dex: 14    Spells: 1 memorised, 4 levels left

rFire  . . .     SeeInvis .     (no weapon)
rCold  . . .     Clarity  .     a - +0 robe
rNeg   . . .     SustAt   .     (no shield)
rPois  .         Gourm    .     (helmet restricted)
rElec  .         Spirit   .     (no cloak)
rCorr  .         Warding  .     (no gloves)
rMut   .         Stasis   .     (boots unavailable)
MR     .....                    (no amulet)
Stlth  ++........               (no ring)
                                (no ring)

@: lethally poisoned (-1 -> -9), not resistant to hostile enchantments,
unstealthy
A: beak, talons 3
a: no special abilities


You were on level 2 of the Dungeon.
You were not hungry.

You visited 1 branch of the dungeon, and saw 2 of its levels.

You collected 71 gold pieces.

Inventory:

Armour
 a - a +0 robe (worn)
Jewellery
 e - a cursed -6 ring of strength {unknown}
Scrolls
 h - a scroll of identify {unknown}
 i - a scroll of fog {unknown}
 j - a scroll of remove curse {unknown}
Potions
 g - a potion of curing {unknown}
Books
 b - a book of Callings

   Spells                             Type                      Level
   a - Summon Small Mammal            Summoning                    1
   b - Call Imp                       Summoning                    2
   c - Call Canine Familiar           Summoning                    3
   d - Summon Guardian Golem          Hexes/Summoning              3
   e - Summon Lightning Spire         Summoning/Air                4
   f - Summon Ice Beast               Ice/Summoning                4
Comestibles
 c - 3 bread rations
 d - a beef jerky
 f - 2 meat rations
 k - 2 fruits


   Skills:
 - Level 2.1 Dodging
 - Level 2.0 Stealth
 - Level 2.0 Spellcasting
 + Level 5.3 Summonings


You had 4 spell levels left.
You knew the following spells:

 Your Spells              Type           Power        Failure   Level  Hunger
a - Summon Small Mammal   Summ           ###.         2%          1    #......


Dungeon Overview and Level Annotations

Branches:
Dungeon (2/15)

Altars:


Innate Abilities, Weirdness & Mutations

You have a beak for a mouth.
You have claws for feet.


Message History

The adder barely misses you. The kobold completely misses you.
Your quokka completely misses the adder.
The adder barely misses you.
The kobold hits you with an enchanted dagger.
Your quokka misses the adder. Your bat misses the adder. The adder bites you.
Unknown command.
Casting: Summon Small Mammal
Confirm with . or Enter, or press ? or * to list all spells.
Your bat completely misses the adder.
Your bat hits the adder.
Your quokka closely misses the adder.
The kobold closely misses you. The adder bites you.
Your quokka closely misses the adder.
Your bat hits the adder. The adder bites you.
* * * LOW HITPOINT WARNING * * *
You are lethally poisoned!
The adder poisons you!
Your bat barely misses the adder.
The kobold hits you with an enchanted dagger.
* * * LOW HITPOINT WARNING * * *
Your quokka barely misses the adder.
Your bat completely misses the adder.
Your bat misses the adder. The adder bites you.
You die...

#...#.# #...#!#
#####...#.#
......... .
#.#....### ## #.
#.....b.. ..#
#..#...KSr##...#
.......@b......
#.##..#...###.#.
#.....$.........
###..##...###.#.
.... ###.#.# ##.
###...# # #
+....<#.####
####.........
#.........>.


You could see an adder, a kobold, a friendly quokka and 2 friendly bats.

Vanquished Creatures
  A bat (D:1)
  A hobgoblin (D:1)
  A giant newt (D:1)
  A goblin (D:1)
  2 rats (D:1)
6 creatures vanquished.

Vanquished Creatures (collateral kills)
  A hobgoblin (D:1)
  A giant newt (D:1)
  A kobold (D:1)
3 creatures vanquished.

Grand Total: 9 creatures vanquished

Notes
Turn   | Place    | Note
--------------------------------------------------------------
     0 | D:1      | kae the Tengu Summoner began the quest for the Orb.
     0 | D:1      | Reached XP level 1. HP: 10/10 MP: 4/4
    71 | D:1      | Reached skill level 5 in Summonings
   592 | D:1      | Reached XP level 2. HP: 15/15 MP: 4/6
   661 | D:2      | Slain by an adder

Vault maps used:
D:1:      tarquinn_simple_flora_water_a
D:2:      interstate_on_off

Action                   || total
-------------------------++-------
Melee: Unarmed           ||    17
 Cast: Summon Small Mamm ||    11
 Stab: Sleeping          ||     1
